Map: Winter's Gate LE

Players

Vindicta - Winner!

  • Race: Terran Terran
  • Spawn Location: 11:00

TurkeyDano

  • Race: Protoss Protoss
  • Spawn Location: 5:00

VOD

Have the link to the VOD?

Description

Time

  • Played on: Sept. 6, 2019, 5:11 p.m.
  • Length: 9:12
Show
View Real Time Build Order
Export as new Build Order

Vindicta Terran - Winner!

Build Orders: Gas First Reaper Expand 

Get SALT Encoding   

  12  0:00  SCV  
  13  0:12  SCV  
  14  0:18  Supply Depot  
  14  0:25  SCV  
  15  0:29  Refinery  
  15  0:40  SCV  
  16  0:45  Barracks  
  16  0:52  SCV  
  17  1:04  SCV  
  18  1:32  Marine  
  19  1:33  Bunker  
  19  1:42  Orbital Command  
  19  1:50  Supply Depot  
  19  1:57  Marine  
  17  2:15  Marine  
  17  2:19  SCV  
  17  2:31  SCV  
  19  2:40  Reaper  
  19  2:43  SCV  
  20  2:55  SCV  
  20  2:57  Command Center  
  21  3:08  SCV  
  21  3:10  Refinery  
  22  3:17  Bunker  
  22  3:20  SCV  
  22  3:21  Marine  
  24  3:32  SCV  
  25  3:39  Factory, Marine  
  26  3:44  SCV  
  27  3:56  SCV  
  27  3:57  Barracks Reactor  
  27  4:01  Supply Depot  
  28  4:08  SCV  
  28  4:09  Orbital Command  
  29  4:20  SCV  
  29  4:22  Widow Mine  
  32  4:26  Starport  
  32  4:28  Orbital Command  
  32  4:32  SCV  
  32  4:41  Marine x2  
  32  4:44  Widow Mine, SCV  
  37  4:47  Bunker  
  37  4:54  SCV  
  37  4:56  SCV  
  37  4:59  Marine x2  
  41  5:04  Barracks  
  41  5:05  Medivac  
  41  5:06  SCV, Factory Tech Lab  
  44  5:09  SCV  
  45  5:17  Marine x2  
  45  5:18  SCV  
  45  5:21  SCV  
  48  5:25  Supply Depot  
  48  5:28  Siege Tank  
  48  5:29  Liberator  
  48  5:31  SCV  
  52  5:40  Marine x2  
  54  5:46  SCV  
  54  5:48  Supply Depot  
  59  5:52  Engineering Bay, SCV  
  59  5:53  Barracks  
  59  5:56  Barracks Tech Lab  
  59  5:58  SCV  
  59  6:02  Supply Depot  
  59  6:04  SCV  
  61  6:08  Refinery  
  61  6:09  Marine x2  
  61  6:10  SCV  
  64  6:13  Factory Reactor  
  64  6:16  SCV  
  64  6:18  Terran Infantry Weapons Level 1  
  65  6:23  SCV  
  66  6:28  SCV  
  66  6:31  Missile Turret  
  65  6:34  Marauder, Stimpack, Starport Reactor  
  65  6:35  SCV, Marine x2  
  69  6:40  Missile Turret, SCV  
  70  6:47  SCV  
  70  6:51  Combat Shield  
  70  6:52  SCV  
  70  6:53  Widow Mine x2  
  76  6:58  Supply Depot, Marine  
  77  7:03  Missile Turret  
  76  7:09  Marauder, SCV  
  76  7:11  Marine  
  86  7:16  Medivac, Viking  
  86  7:20  SCV  
  85  7:24  Supply Depot  
  85  7:28  Refinery  
  85  7:29  Marauder  
  87  7:30  Marauder  
  87  7:35  Supply Depot  
  89  7:37  Marine  
  91  7:44  SCV  
  91  7:46  Medivac  
  91  7:51  Marauder  
  95  7:59  Marauder  
  95  8:02  SCV  
  96  8:08  Command Center, SCV  
  96  8:10  Marine x2  
  96  8:12  Marauder  
  98  8:13  Concussive Shells  
  98  8:14  SCV  
  98  8:19  Widow Mine x2  
  103  8:20  Marauder  
  103  8:21  SCV  
  106  8:28  Marine x2  
  108  8:35  Barracks x2  
  108  8:36  Marine  
  108  8:39  SCV  
  108  8:40  Widow Mine  
  109  8:44  Marauder  
  109  8:45  Widow Mine  
  109  8:46  Supply Depot, Marine  
  109  8:48  Marine  
  113  8:54  Supply Depot  
Show
View Real Time Build Order
Export as new Build Order

TurkeyDano Protoss 

Build Orders: Cannon Rush, Zealot Archon 

Get SALT Encoding   

  12  0:00  Probe  
  13  0:13  Probe  
  14  0:16  Pylon  
  14  0:23  Probe  
  15  0:31  Probe  
  16  0:38  Forge  
  16  0:39  Probe  
  17  1:04  Pylon  
  17  1:05  Pylon  
  17  1:06  Pylon  
  17  1:17  Gateway  
  17  1:24  Photon Cannon  
  17  1:35  Photon Cannon  
  17  1:37  Pylon  
  17  1:43  Pylon  
  17  1:55  Photon Cannon  
  16  2:02  Probe  
  16  2:10  Cybernetics Core, Assimilator  
  16  2:11  Assimilator  
  16  2:13  Probe  
  17  2:21  Probe  
  17  2:27  Pylon  
  17  2:29  Probe  
  18  2:36  Zealot  
  19  2:40  Probe  
  22  2:51  Warp Gate  
  22  2:52  Probe  
  22  2:54  Stalker  
  23  3:04  Probe  
  26  3:16  Probe  
  27  3:22  Nexus  
  27  3:34  Stalker  
  27  3:40  Probe  
  30  3:52  Probe  
  30  4:07  Probe  
  31  4:11  Twilight Council  
  31  4:32  Probe  
  31  4:34  Probe, Stalker  
  35  4:40  Probe  
  35  4:43  Robotics Facility  
  35  4:45  Gateway  
  36  4:46  Probe  
  36  4:49  Probe  
  38  4:55  Blink  
  38  4:57  Dark Shrine  
  38  4:58  Probe  
  39  5:01  Probe  
  40  5:10  Probe  
  40  5:13  Probe  
  42  5:22  Probe  
  42  5:25  Observer, Pylon, Probe  
  42  5:27  Pylon  
  44  5:34  Probe  
  46  5:43  Probe  
  46  5:45  Nexus  
  46  5:46  Probe  
  48  5:54  Warp Prism  
  48  5:56  Probe  
  51  5:59  Probe  
  51  6:03  Assimilator  
  52  6:08  Probe  
  52  6:11  Probe  
  54  6:14  Gateway  
  54  6:17  Gateway  
  54  6:21  Probe  
  54  6:22  Dark Templar x2  
  53  6:26  Probe  
  51  6:33  Probe  
  51  6:38  Probe  
  53  6:41  Charge  
  53  6:45  Gateway, Probe  
  54  6:47  Pylon  
  54  6:51  Probe  
  55  6:57  Probe  
  55  6:58  Pylon  
  55  7:00  Probe  
  57  7:08  Probe  
  56  7:14  Probe x2  
  58  7:18  Dark Templar x2  
  58  7:23  Probe  
  58  7:29  Archon, Dark Templar  
  61  7:32  Probe  
  61  7:36  Probe  
  63  7:39  Gateway  
  63  7:41  Pylon, Archon  
  63  7:43  Probe  
  64  7:45  Probe  
  64  7:51  Probe  
  66  7:53  Pylon  
  66  8:06  Probe  
  66  8:08  Probe  
  66  8:11  Probe  
  66  8:12  Zealot x5  
  69  8:18  Photon Cannon, Probe  
  74  8:20  Immortal  
  73  8:28  Probe x2  
  73  8:33  Gateway  
  73  8:34  Gateway, Probe  
  69  8:40  Probe, Stalker x3  
  69  8:51  Zealot x3  
  57  9:06  Stalker x3  
Tags
 
Add a new tag
Caveats
  • Supply blocks, unpowered buildings, or Contaminate may cause inaccurate times.
  • Supply counts are checked every 10 seconds.